 Dungeon Crawl Stone Soup version 0.30.0-10-gfe55d96785 (webtiles) character file.

Game seed: 16450416971580705589

54 Mavryl the Trooper (level 3, 0/31 HPs)
             Began as a Draconian Monk on May 15, 2023.
             Slain by Robin
             ... wielding a +1 spear of flaming
              (1 damage)
             ... on level 3 of the Dungeon.
             The game lasted 00:02:32 (509 turns).

Mavryl the Trooper (Draconian Monk)                  Turns: 509, Time: 00:02:32

Health: 0/31       AC:  5    Str: 13    XL:     3   Next: 66%
Magic:  3/3        EV: 13    Int: 12    God:
Gold:   73         SH:  0    Dex: 13    Spells: 2/2 levels left

rFire   . . .        i - +2 short sword (venom)
rCold   . . .        c - orb {light}
rNeg    . . .        (body armour unavailable)
rPois   .            (helmet restricted)
rElec   .            (no cloak)
rCorr   .            (no gloves)
SInv    .            (no boots)
Will    .....        (no amulet)
Stlth   +            (no ring)
HPRegen 0.25/turn    (no ring)
MPRegen 0.08/turn

%: no passive effects
@: glowing
A: AC +5, unfitting armour, cold-blooded
a: no special abilities


You were on level 3 of the Dungeon.
You visited 1 branch of the dungeon, and saw 3 of its levels.

You collected 73 gold pieces.

Inventory:

Hand Weapons
 a - a +0 falchion
 i - a +2 short sword of venom (weapon)
Missiles
 h - 4 datura-tipped darts (quivered)
Armour
 c - an orb of light (worn)
Scrolls
 d - a scroll of poison {unknown}
 f - a scroll of fear {unknown}
 j - a scroll of enchant armour
 k - a scroll of noise {unknown}


   Skills:
 * Level 3.6 Fighting
 * Level 0.8(2.2) Short Blades
 * Level 3.3(3.4) Long Blades
 * Level 3.4 Dodging
 * Level 0.6 Stealth
 * Level 0.2 Spellcasting


You had 2 spell levels left.
You didn't know any spells.
Your spell library was empty.

Dungeon Overview and Level Annotations

Branches:
Dungeon (3/15)

Altars:

Annotations:
D:3 Robin


Innate Abilities, Weirdness & Mutations

Your plain brown scales are hard. (AC +5)
You cannot fit into any form of body armour.
You are cold-blooded and may be slowed by cold attacks.


Message History

a +0 club; a goblin corpse The goblin hits you but does no damage.
Robin throws the goblin at you!
You hit the goblin.
You kill the goblin!
The goblin hits you but does no damage. Robin hits you but does no damage.
Things that are here:
a +0 dagger; a goblin corpse You hit the goblin.
You kill the goblin!
Robin hits you from afar with a +1 spear of flaming.
Robin burns you. The goblin closely misses you.
Robin hits you from afar with a +1 spear of flaming.
Robin burns you. The goblin completely misses you.
You hit the goblin.
The goblin is poisoned.
The goblin is severely wounded.
You kill the goblin!
The goblin barely misses you.
Robin hits you from afar with a +1 spear of flaming.
Robin burns you. Robin misses you.
Things that are here:
a +0 club; a goblin corpse You barely miss Robin.
The goblin completely misses you.
Robin hits you with a +1 spear of flaming.
Robin burns you.
You hit Robin.
Robin is poisoned.
Robin is lightly wounded.
The goblin closely misses you. Robin hits you but does no damage.
You barely miss Robin.
Robin is lightly wounded.
The goblin barely misses you.
Robin hits you with a +1 spear of flaming!
Robin burns you.
* * * LOW HITPOINT WARNING * * *
You barely miss the goblin. The goblin hits you with a +0 club.
* * * LOW HITPOINT WARNING * * *
Robin hits you with a +1 spear of flaming.
* * * LOW HITPOINT WARNING * * *
Robin burns you.
You die...

....# #.# #.># #.# #
#..# ... #. #.). #.#
###.##)## #.# #..#.....
#######.## #.###.†.†
#......g.# #..#..###
#@)# #.#......
#g)#######.##..###
#..).))........#
........###)###.##..###
...###.## #.###.##..##.
. #.# #.........##. #.#
#####.###.... #.. #.#
#.##. ##. #........


You could see Robin (very poisoned) and a goblin (strong).

Vanquished Creatures
  2 adders
  A dart slug (D:2)
  3 ball pythons (D:2)
  A giant cockroach (D:2)
  8 goblins
  2 hobgoblins (D:2)
  2 jackals (D:3)
  3 quokkas
  A frilled lizard (D:2)
  4 kobolds
  A rat (D:1)
28 creatures vanquished.

Vanquished Creatures (collateral kills)
  3 goblins (D:3)
3 creatures vanquished.

Grand Total: 31 creatures vanquished

Notes
Turn   | Place    | Note
-------+----------+-------------------------------------------
     0 | D:1      | Mavryl the Draconian Monk began the quest for the Orb.
     0 | D:1      | Reached XP level 1. HP: 19/19 MP: 1/1
    90 | D:1      | You fall into a shaft and drop 1 floor!
   155 | D:2      | Reached XP level 2. HP: 23/26 MP: 2/2
   348 | D:2      | Reached XP level 3. HP: 26/31 MP: 3/3
   498 | D:3      | Identified the +1 helmet of Entitlement {Str+6 Int-5}
   498 | D:3      | Noticed Robin
   509 | D:3      | HP: 1/31 [Robin/+1 spear of flaming (4)]
   509 | D:3      | Slain by Robin

Illustrated notes

Levels and vault maps discovered:
D:1:      psy_arrival_radial01, layout_rooms
D:2:      layout_loops_ring
D:3:      layout_loops_ring, trog_wizard, uniq_robin

Skill      XL: |  1  2 |
---------------+-------+-----
Dodging        | 3 |  3.4
Fighting       | |  3.6
Short Blades   | |  0.8
Long Blades    | |  3.3
Stealth        | |  0.6
Spellcasting   | |  0.2

Action                     || total
---------------------------++-------
  Melee: Falchion          ||    48
         Tailslap          ||     6
         Short sword       ||    21
  Throw: Dart              ||     1
    Use: Potion            ||     2
         Scroll            ||     1
 Armour: Skin              ||    25
  Dodge: Dodged            ||    66
